 Dungeon Sprint DCSS version 0.30-a0-210-g01b79a254e (webtiles) character file.

Game seed: 18434354692605358455

1560 rocky1 the Basher (level 8, -19/89 HPs)
             Began as an Ogre Gladiator on Oct 5, 2022.
             Was an Initiate of Gozag.
             Demolished by Erolcha
             ... wielding a +0 giant spiked club
              (35 damage)
             ... in the Dungeon (Sprint VII: "The Pits").
             The game lasted 00:04:48 (1421 turns).

rocky1 the Basher (Ogre Gladiator)                  Turns: 1421, Time: 00:04:48

Health: -19/89     AC: 13    Str: 21    XL:     8   Next: 89%
Magic:  8/8        EV: 11    Int:  9    God:    Gozag
Gold:   186        SH:  0    Dex: 10    Spells: 7/7 levels left

rFire   + . .      SeeInvis .    d - +2 flail (protect)
rCold   + . .      Faith    .    (no shield)
rNeg    . . .      Spirit   .    b - +0 robe
rPois   +          Reflect  .    c - +0 hat
rElec   +          Harm     .    a - +2 cloak {rPois}
rCorr   +          Rampage  .    (gloves unavailable)
Will    .....      NoTele   +    (boots unavailable)
Stlth   +.........               (no amulet)
HPRegen 0.34/turn                (no ring)
MPRegen 0.11/turn                (no ring)

@: resistant, gold aura, under a protective aura, on berserk cooldown, slowed,
very slow
A: large, unfitting armour, tough skin 1
a: Renounce Religion, Potion Petition, Call Merchant, Bribe Branch


You were in the Dungeon.
You worshipped Gozag.
Gozag was aware of your devotion.
You visited 1 branch You collected 1557 gold pieces.
You spent 296 gold pieces at shops.
You paid 1075 gold pieces to Gozag.

Inventory:

Hand Weapons
 d - a +2 flail of protection (weapon)
Missiles
 e - a large rock (quivered)
Armour
 a - a +2 cloak of poison resistance (worn)
 b - a +0 robe (worn)
 c - a +0 hat (worn)
Scrolls
 m - 5 scrolls of amnesia
 n - a scroll of summoning
Potions
 f - 6 potions of curing
 g - 3 potions of heal wounds
 h - a potion of haste
 i - 4 potions of magic
 j - a potion of berserk rage
 l - 2 potions of invisibility


   Skills:
 + Level 8.7 Fighting
 + Level 13.7 Maces & Flails
 + Level 6.6 Throwing
 + Level 5.1 Armour
 + Level 6.3 Dodging


You had 7 spell levels left.
You didn't know any spells.
Your spell library was empty.

Dungeon Overview and Level Annotations

Branches:
Dungeon (1/1)

Altars:
Ashenzari
Cheibriados
Dithmenos
Elyvilon
Fedhas
Gozag
Hepliaklqana
Kikubaaqudgha
Makhleb
Nemelex Xobeh
Okawaru
Qazlal
Ru
Sif Muna
Trog
Uskayaw
Vehumet
Wu Jian
Xom
Yredelemnul
Zin
The Shining One
Jiyva
Lugonu

Shops:
D [

Annotations:
D Erolcha


Innate Abilities, Weirdness & Mutations

You are too large for most types of armour.
You have tough skin. (AC +1)


Message History

The death yak completely misses you. The bat hits you but does no damage.
You bludgeon the death yak!!
You punch the death yak, but do no damage.
The death yak is almost dead.
The bat hits you but does no damage.
You hit the death yak.
The death yak is almost dead.
The bat closely misses you.
The death yak gores you but does no damage.
You bludgeon the death yak!!
You kill the death yak!
Your Fighting skill increases to level 8!
Your Throwing skill increases to level 6!
Your Armour skill increases to level 5!
Your Dodging skill increases to level 6!
You closely miss the bat. The bat barely misses you.
You closely miss the bat. The bat barely misses you.
You closely miss the bat. The bat hits you but does no damage. x2
You hit the bat.
You kill the bat!
Something hits you!
Things that are here:
54 gold pieces; a +0 leather armour; a +0 flail You feel a strong urge to attack something.
Something hits you!!
Things that are here:
a +0 robe; a +0 dagger You thump something!
You sock something! You closely miss something. Something hits you!!
You barely miss something. You hit something.
You are no longer berserk.
You are exhausted.
You feel yourself slow down.
You sock something! Something hits you!!
* * * LOW HITPOINT WARNING * * *
You sock something! Something hits you!!
You die...
Your body crumbles into a pile of gold.

#.#.....#))##.......#
#.#.....#[)##.......#
#.####'##)###...<...#
#)#........##.......#
#)#........##.......#
#[###########.......#
#)......#[)##########
#.......#$## ###
#...#...#@# ...#
#..###..#{#....#
#...#...#.'....+
#..∩....#'#....#
#.......).#....#
########### ####


There were no monsters in sight!

Vanquished Creatures
  A death yak (D)
  An orc high priest (D)
  Menkaure (D)
  A water moccasin (D)
  A bullfrog (D)
  A gnoll bouda (D)
  2 orc wizards (D)
  5 gnolls (D)
  An adder skeleton (D)
  5 orcs (D)
  A bat skeleton (D)
  2 endoplasms (D)
  A giant cockroach (D)
  A goblin (D)
  A ball python (D)
  2 bats (D)
  A frilled lizard (D)
  2 rats (D)
30 creatures vanquished.

Notes
Turn   | Place    | Note
-------+----------+-------------------------------------------
     0 | D        | rocky1 the Ogre Gladiator began the quest for the Orb.
     0 | D        | Reached XP level 1. HP: 22/22 MP: 1/1
    15 | D        | Reached skill level 3 in Maces & Flails
    20 | D        | Found a bloodstained altar of Trog.
    20 | D        | Found a shimmering blue altar of Sif Muna.
    20 | D        | Found a viscous altar of Jiyva.
    20 | D        | Found a hazy altar of Hepliaklqana.
    20 | D        | Found an opulent altar of Gozag.
    21 | D        | Found a glowing golden altar of the Shining One.
    21 | D        | Found a glowing silver altar of Zin.
    21 | D        | Found a basalt altar of Yredelemnul.
    21 | D        | Found a shimmering altar of Xom.
    21 | D        | Found an ornate altar of the Wu Jian Council.
    21 | D        | Found a sacrificial altar of Ru.
    21 | D        | Found a stormy altar of Qazlal.
    21 | D        | Found an iron altar of Okawaru.
    21 | D        | Found a sparkling altar of Nemelex Xobeh.
    21 | D        | Found a burning altar of Makhleb.
    21 | D        | Found a blossoming altar of Fedhas.
    21 | D        | Found a white marble altar of Elyvilon.
    21 | D        | Found a shadowy altar of Dithmenos.
    21 | D        | Found a snail-covered altar of Cheibriados.
    24 | D        | Found a corrupted altar of Lugonu.
    24 | D        | Found a radiant altar of Vehumet.
    25 | D        | Found an ancient bone altar of Kikubaaqudgha.
    25 | D        | Found a hide-covered altar of Uskayaw.
    25 | D        | Found a broken altar of Ashenzari.
    32 | D        | Became a worshipper of Gozag Ym Sagoz the Greedy
    77 | D        | Reached skill level 4 in Maces & Flails
   110 | D        | Reached XP level 2. HP: 23/29 MP: 2/2
   135 | D        | Noticed a water moccasin
   157 | D        | HP: 1/29 [poisoned by a water moccasin]
   163 | D        | Killed a water moccasin
   164 | D        | Reached skill level 9 in Maces & Flails
   164 | D        | Reached XP level 3. HP: 12/36 MP: 3/3
   164 | D        | Reached XP level 4. HP: 15/44 MP: 4/4
   168 | D        | Reached XP level 5. HP: 8/50 MP: 5/5
   511 | D        | Reached skill level 10 in Maces & Flails
   705 | D        | Noticed Menkaure
   715 | D        | Killed Menkaure
   716 | D        | Reached skill level 12 in Maces & Flails
   716 | D        | Reached XP level 6. HP: 43/59 MP: 6/6
   983 | D        | Bought a +2 cloak of poison resistance for 296 gold pieces
  1103 | D        | Reached skill level 1 in Armour
  1120 | D        | Noticed an orc high priest
  1121 | D        | Noticed a hellwing
  1136 | D        | Noticed a ynoxinul
  1145 | D        | Killed an orc high priest
  1146 | D        | Reached skill level 13 in Maces & Flails
  1146 | D        | Reached skill level 5 in Throwing
  1146 | D        | Reached skill level 5 in Dodging
  1146 | D        | Reached XP level 7. HP: 72/78 MP: 7/7
  1146 | D        | Reached XP level 8. HP: 80/87 MP: 8/8
  1393 | D        | Noticed a death yak
  1393 | D        | Noticed Erolcha
  1408 | D        | Killed a death yak
  1409 | D        | Reached skill level 5 in Armour
  1421 | D        | Demolished by Erolcha

Illustrated notes

Levels and vault maps discovered:
D:        pitsprint [storerooms_1, entrance_room_1, metal_vault_4, armoury_1,
          mini_pit_1, grid_room_1, main_hall_1, silver_pit, the_coven_3,
          the_vestibule_1, steel_vault_3, golden_pit, hallway_of_sentries,
          crystal_vault_1, iron_vault_2, final_vault]

Skill      XL: |  1  2  3  4  5  6  7  8 |
---------------+-------------------------+-----
Maces & Flails | 4 9 12 13 | 13.7
Fighting       | 7 8 |  8.7
Armour         | 3 5 |  5.1
Dodging        | 5 6 |  6.3
Throwing       | 5 6 |  6.6

Action                   |  1- 3 |  4- 6 |  7- 9 || total
-------------------------+-------+-------+-------++-------
Melee: Flail             |    30 |    77 |    33 ||   140
       Punch             |       |       |     1 ||     1
Throw: Throwing net      |     3 |       |       ||     3
Invok: Call Merchant     |       |     1 |       ||     1
       Potion Petition   |       |       |     1 ||     1
  Use: Potion            |     2 |     3 |       ||     5
       Scroll            |       |     1 |       ||     1
 Stab: Held in net/web   |     1 |       |       ||     1
Armor: Robe              |     8 |    30 |    12 ||    50
Dodge: Dodged            |    14 |    28 |    19 ||    61

Table legend: (Time is in decaauts)
 A = Elapsed time spent in this place.
 B = Non-inter-level travel time spent in this place.
 C = Inter-level travel time spent in this place.
 D = Time resting spent in this place.
 E = Time spent auto-exploring this place.
 F = Levels seen in this place.
 G = Mean time per level.
                   A        B        C        D        E       F      G
               +--------+--------+--------+--------+--------+-----+--------+
         Total |   1416 |   1397 |     19 |    977 |      0 |   1 | 1416.0 |
       Dungeon |   1416 |   1397 |     19 |    977 |      0 |   1 | 1416.0 |
               +--------+--------+--------+--------+--------+-----+--------+

Top non-repeatable levels by time:
       D: 1416 daAuts
